Unix NetHack Version 3.7.0-101 Work-in-progress - last build Mar 4 2024 02:26:32 (3c4ac04b664b9ee0831c739617f054b5b60dbfd1,branch:master). Game began 2024-03-18 19:47:29, ended 2024-03-18 20:18:15. laycre, lawful female human Samurai ------------------------ |%.^^^^^^^^^^^^^^^.....| |.-------------------..| |.| ----- |.---- |.| |...-- --@|..| |.| |..`.|--|a....| |.| |.``.|..|..``.| |.| --`....`|.)`.-- |.|------ |..`|...%.``| |.|.....|-- |.`%|..|..`.| |.|.....+.| |..`|---`.`.| |.|.....|-| --..|.......| |.+.....+.| --.|..`.---- --|.....|-| |.--.--- |.....+.| |.....| |.....|-- |..|.>| ------- ------- Laycre the Kunoichi St:16 Dx:18 Co:18 In:11 Wi:10 Ch:8 Lawful Dlvl:3 $:91 HP:0(55) Pw:22(22) AC:1 Xp:6/497 T:3439 Latest messages: The soldier ant starts to attack you, but pulls back. The soldier ant starts to attack you, but pulls back. The soldier ant starts to attack you, but pulls back. The soldier ant starts to attack you, but pulls back. You finish your prayer. You feel that Amaterasu Omikami is well-pleased. You feel much better. The soldier ant just misses! The soldier ant misses! c - an uncursed +0 yumi (weapon in right hand). a - an uncursed +0 katana (alternate weapon; not wielded). The soldier ant bites! The soldier ant misses! In what direction? j You shoot 2 ya. The 1st ya hits the soldier ant! The 2nd ya misses the soldier ant. The soldier ant bites! The soldier ant stings! In what direction? j You shoot 2 ya. The 1st ya misses the soldier ant. The 2nd ya hits the soldier ant. The soldier ant bites! The soldier ant stings! In what direction? j You shoot 2 ya. The 1st ya hits the soldier ant! You kill the soldier ant! The 2nd ya hits the soldier ant! In what direction? j The ya hits the soldier ant! d - 3 uncursed +0 ya (in quiver) (26 in total). You see here a soldier ant corpse. The soldier ant misses! The soldier ant stings! The soldier ant bites! The soldier ant misses! In what direction? b You shoot 2 ya. The 1st ya hits the soldier ant! The 2nd ya hits the soldier ant. The soldier ant bites! The soldier ant stings! The soldier ant misses! The soldier ant stings! You die... Do you want your possessions identified? [ynq] (y) y Do you want to see your attributes? [ynq] (y) y Do you want an account of creatures vanquished? [ynaq] (y) q Inventory: Coins ('$') $ - 91 gold pieces Weapons (')') d - 24 uncursed +0 ya (in quiver) c - an uncursed +0 yumi (weapon in right hand) a - an uncursed +0 katana (alternate weapon; not wielded) b - an uncursed +0 wakizashi Armor ('[') E - an uncursed rotted +0 pair of low boots (being worn) L - a cursed +0 mummy wrapping U - a blessed greased +0 gray dragon scale mail (being worn) Comestibles ('%') w - an uncursed guava O - an uncursed cream pie y - 3 uncursed fortune cookies M - 5 uncursed gunyoki D - an uncursed lembas wafer N - 2 uncursed sprigs of wolfsbane z - 2 uncursed tripe rations e - an uncursed egg Scrolls ('?') H - an uncursed scroll of blank paper l - an uncursed scroll of create monster T - an uncursed scroll of destroy armor g - an uncursed scroll of earth s - a cursed scroll of earth G - an uncursed scroll of enchant weapon I - an uncursed scroll of gold detection q - a cursed scroll of identify X - a blessed scroll of magic mapping Potions ('!') W - an uncursed potion of extra healing Q - an uncursed potion of fruit juice V - a cursed potion of gain ability i - an uncursed potion of gain energy A - 2 uncursed potions of healing j - a cursed potion of healing h - 2 uncursed potions of invisibility n - an uncursed potion of object detection m - an uncursed potion of polymorph P - an uncursed potion of speed r - a potion of holy water Rings ('=') Y - a cursed ring of aggravate monster F - an uncursed +1 ring of gain constitution C - an uncursed +2 ring of gain strength (on right hand) x - an uncursed ring of regeneration Wands ('/') B - an uncursed wand of digging (0:7) f - an uncursed wand of light (0:14) J - an uncursed wand of nothing (0:11) Z - an uncursed wand of slow monster (0:6) o - an uncursed wand of wishing (0:0) Tools ('(') t - an uncursed blindfold p - a cursed magic marker (0:99) k - a cursed osaku Gems/Stones ('*') R - an uncursed aquamarine stone K - 4 uncursed worthless pieces of blue glass u - 3 uncursed worthless pieces of red glass S - an uncursed worthless piece of violet glass v - an uncursed worthless piece of white glass Laycre the Samurai's attributes: Background: You were a Kunoichi, a level 6 female human Samurai. You were lawful, on a mission for Amaterasu Omikami who was opposed by Raijin (neutral) and Susanowo (chaotic). You were right-handed. You were in Sokoban, on level 3. You entered the dungeon 3439 turns ago. You had 497 experience points, 143 more were needed to attain level 7. Basics: You had 0 out of 55 hit points. You had all 22 energy points (spell power). Your armor class was 1. Your wallet contained 91 zorkmids. Autopickup was on for '$=/!?"' plus thrown, with exceptions. Final Characteristics: Your strength was 16 (base:14, limit:18/100). Your dexterity was 18 (limit:18). Your constitution was 18 (limit:18). Your intelligence was 11 (limit:18). Your wisdom was 10 (limit:18). Your charisma was 8 (limit:18). Final Status: You weren't hungry. You were unencumbered. You were wielding a bow. You had basic skill with bow. Final Attributes: You were piously aligned. You were magic-protected. You were poison resistant. You were fast. You are dead. Miscellaneous: You never encountered a bones level. Total elapsed playing time was 30 minutes and 45 seconds. Major events: Turn 1: laycre the lawful female human Samurai entered the dungeon 938: attained the rank of Ronin (level 3) 941: entered the Gnomish Mines 1801: entered Sokoban 2301: completed 1st Sokoban level 2676: attained the rank of Kunoichi (level 6) 2872: completed 2nd Sokoban level 2921: made her first wish - "+2 blessed greased fixed gray dragon scale mail", got "a greased gray dragon scale mail" 3244: completed 3rd Sokoban level 3439: killed by a soldier ant Vanquished creatures: a warg a lynx an orc mummy 2 brown puddings a dog a soldier ant 2 ponies 2 yellow lights a violet fungus a red naga hatchling a black naga hatchling a kobold leader a centipede a giant bat an orc zombie a werejackal an iguana 2 killer bees an acid blob 3 hobbits 2 large kobolds 4 giant rats a brown mold a green mold a gnome zombie a gecko 6 jackals a fox a kobold 2 goblins a sewer rat 2 grid bugs 2 bats 5 lichens 2 kobold zombies 6 newts 64 creatures vanquished. No species were genocided or became extinct. Voluntary challenges: You read items or engraved 6 times. You never engraved Elbereth. You never genocided any monsters. You never polymorphed an object. You never changed form. You used 1 wish. You did not wish for any artifacts. You did not violate any of the special Sokoban rules. Achievements: You attained the rank of Ronin. You entered the Gnomish Mines. You entered Sokoban. You attained the rank of Kunoichi. The Dungeons of Doom: levels 1 to 8 Level 1: "vault" Some fountains. Level 2: A fountain. Level 3: Level 4: A fountain, a sink. Stairs down to The Gnomish Mines. Level 5: An altar, some fountains. Level 6: Many fountains. Oracle of Delphi. Level 7: Stairs up to Sokoban, level 6. Level 8: The Gnomish Mines: Level 5: Sokoban: levels 6 up to 3 Level 3: <- You were here. Unsolved. Final resting place for you, killed by a soldier ant. Level 4: Solved. Level 5: Solved. Level 6: Solved. Game over: ---------- / \ / REST \ / IN \ / PEACE \ / \ | laycre | | 91 Au | | killed by a | | soldier ant | | | | | | 2024 | *| * * * | * _________)/\\_//(\/(/\)/\//\/|_)_______ Sayonara laycre the Samurai... You died in Sokoban on dungeon level 3 with 2450 points, and 91 pieces of gold, after 3439 moves. You were level 6 with a maximum of 55 hit points when you died.